 Dungeon Crawl Stone Soup version 0.23-a0-577-g2b1de94 (webtiles) character file.

7622 MisterFreud the Cruncher (level 10, -2/88 HPs)
             Began as a Minotaur Abyssal Knight on Dec 14, 2018.
             Was a High Priest of Lugonu.
             Slain by a two-headed ogre
             ... wielding a +0 giant club
              (24 damage)
             ... on level 9 of the Dungeon.
             The game lasted 00:19:44 (9156 turns).

MisterFreud the Cruncher (Minotaur Abyssal Knight)  Turns: 9156, Time: 00:19:45

Health: -2/88      AC: 14    Str: 20    XL:     10   Next: 98%
Magic:  15/15      EV:  8    Int:  9    God:    Lugonu [*****.]
Gold:   131        SH:  0    Dex: 10    Spells: 9/9 levels left

rFire    . . .     SeeInvis .   v - +4 quarterstaff (chaos)
rCold    . . .     Gourm    .   (shield currently unavailable)
rNeg     + . .     Faith    .   s - +0 chain mail
rPois    .         Spirit   .   (helmet restricted)
rElec    .         Reflect  .   w - +2 cloak {+Inv}
rCorr    .         Harm     .   (no gloves)
MR       .....                  (no boots)
Stlth    ..........             (no amulet)
HPRegen  0.24/turn              e - ring of positive energy
MPRegen  0.14/turn              E - ring of wizardry

@: no status effects
A: retaliatory headbutt, horns 2
a: Depart the Abyss, Bend Space, Banish, Corrupt, Enter the Abyss, Renounce
Religion, Evoke Invisibility


You were on level 9 of the Dungeon.
You worshipped Lugonu.
Lugonu was extremely pleased with you.
You were not hungry.

You visited 1 branch of the dungeon, and saw 9 of its levels.
You visited the Abyss 1 time.

You collected 417 gold pieces.
You spent 286 gold pieces at shops.

Inventory:

Hand Weapons
 a - a +2 falchion
 v - a +4 quarterstaff of chaos (weapon)
Missiles
 f - 343 stones (quivered)
 g - 38 bolts
 o - 89 sling bullets
 p - 12 poisoned needles
 y - 184 arrows
 I - 8 tomahawks
Armour
 b - a +1 leather armour
 s - a +0 chain mail (worn)
 w - a +2 cloak of invisibility (worn)
Jewellery
 e - a ring of positive energy (left hand)
 E - a ring of wizardry (right hand)
Wands
 B - a wand of iceblast (14)
 D - a wand of flame (30)
 F - a wand of acid (4)
Scrolls
 d - 3 scrolls of amnesia
 k - 2 scrolls of enchant weapon
 r - 6 scrolls of teleportation
 t - a scroll of fog
 u - a scroll of immolation
 x - 2 scrolls of enchant armour
 A - a scroll of magic mapping
 C - 2 scrolls of remove curse
 J - a scroll of noise {unknown}
 L - a scroll of identify
 M - a scroll of fear {unknown}
Potions
 h - a potion of degeneration
 i - a potion of lignification
 j - 2 potions of resistance
 l - 2 potions of might
 n - 5 potions of curing
 q - 5 potions of heal wounds
 z - a potion of haste
 G - 2 potions of magic
 H - 3 potions of flight
 K - a potion of mutation
Comestibles
 c - 9 rations
 m - 9 chunks of flesh


   Skills:
 - Level 8.1 Fighting
 - Level 2.4 Long Blades
 - Level 14.0 Staves
 + Level 7.9 Armour
 - Level 1.1 Dodging
 - Level 8.0 Invocations


You had 9 spell levels left.
You didn't know any spells.
Your spell library was empty.

Dungeon Overview and Level Annotations

Branches:
Dungeon (9/15)             Temple (0/1) D:5
   Lair: D:8-11         Orc: D:9-12

Altars:
Kikubaaqudgha
Makhleb
Nemelex Xobeh
Xom
Zin
The Shining One

Shops:
D:6 !

Annotations:
D:4 Sigmund
Abyss:1 Pikel


Innate Abilities, Weirdness & Mutations

You reflexively headbutt those who attack you in melee.
You have a pair of horns on your head.


Message History

The two-headed ogre hits you but does no damage.
The two-headed ogre closely misses you.
You sock the two-headed ogre!
The two-headed ogre is poisoned.
You headbutt the two-headed ogre.
The two-headed ogre is heavily wounded.
You sock the two-headed ogre!
The two-headed ogre flickers and vanishes!
Deactivating autopickup; reactivate with Ctrl-A.
Something hits you! x2
You sock something!
Nothing appears to happen.
Your headbutt misses something. Something hits you but does no damage.
Something hits you!
Things that are here:
a +0 flail; a scroll of identify Something hits you!
Something hits you but does no damage. Something hits you but does no damage.
Something hits you!!
* * * LOW HITPOINT WARNING * * *
A gnoll sergeant comes into view. It is wielding a +3 spear of venom.
The gnoll sergeant shouts!
You hear a shout!
Something hits you!!
You die...

.........(....#
.........<...#
###......)..#
#(g(......# #..(......#
##........#
####........#
###2###.......#
#.#####.@)....#
####._..##....<.#
#######..#...#........#
#........'...+...######
#.......#...#..##
#####.###._.####
#..###### #..###A#
######...#### ..


You could see a gnoll sergeant.

Vanquished Creatures
  Harold (D:8)
  2 two-headed ogres (D:7)
  A hornet (D:8)
  Grinder (D:6)
  2 hippogriffs
  A wyvern (D:7)
  2 steam dragons (D:9)
  Edmund (D:5)
  Duvessa (D:6)
  A water moccasin (D:7)
  A slave (D:5)
  2 orc warriors
  2 ice beasts
  2 sky beasts
  6 ogres
  A phantom (D:5)
  5 centaurs
  3 big kobolds
  2 bullfrogs
  A wyvern zombie (D:6)
  A gnoll sergeant (D:7)
  Dowan (D:6)
  A wyvern skeleton (D:7)
  2 scorpions
  6 wights
  A bullfrog zombie (D:6)
  6 crimson imps
  3 jellies
  2 quasits
  6 hounds
  3 orc priests
  4 orc wizards
  Crazy Yiuf (D:3)
  3 bullfrog skeletons
  2 iguanas (D:7)
  6 worker ants
  A hound zombie (D:6)
  6 gnolls
  7 adders
  2 shadow imps
  An ooze (D:6)
  2 adder skeletons
  2 adder zombies
  4 worms
  A dart slug (D:2)
  6 leopard geckos
  A leopard gecko (shapeshifter) (D:8)
  25 orcs
  3 bats
  A giant cockroach (D:3)
  8 goblins
  12 hobgoblins
  10 jackals
  5 quokkas
  2 ball pythons
  A ball python zombie (D:5)
  A frilled lizard (D:1)
  A goblin zombie (D:6)
  3 hobgoblin zombies (D:6)
  A jackal zombie (D:7)
  13 kobolds
  2 kobold skeletons (D:6)
  A kobold zombie (D:6)
  A leopard gecko skeleton (D:4)
  An orc zombie (D:6)
  A quokka skeleton (D:3)
  8 rats
219 creatures vanquished.

Vanquished Creatures (others)
  A slave (D:5)
  A hound skeleton (D:5)
2 creatures vanquished.

Grand Total: 221 creatures vanquished

Notes
Turn   | Place    | Note
-------+----------+-------------------------------------------
     0 | Abyss:1  | MisterFreud the Minotaur Abyssal Knight began the quest for
                  | the Orb.
     0 | Abyss:1  | Reached XP level 1. HP: 19/19 MP: 1/1
    10 | D:1      | Escaped the Abyss
   109 | D:1      | Reached XP level 2. HP: 12/28 MP: 2/2
   820 | D:1      | Reached skill level 5 in Fighting
  1250 | D:2      | Reached XP level 3. HP: 33/36 MP: 3/3
  1267 | D:2      | Reached ** piety under Lugonu
  1325 | D:2      | Found a shimmering altar of Xom.
  1325 | D:2      | Found a shimmering altar of Xom.
  1592 | D:2      | Found a shimmering altar of Xom.
  1593 | D:2      | Found a shimmering altar of Xom.
  1595 | D:2      | Found a shimmering altar of Xom.
  1945 | D:3      | Reached XP level 4. HP: 35/44 MP: 4/4
  2271 | D:3      | Noticed a big kobold
  2292 | D:3      | Killed a big kobold
  2292 | D:3      | Reached XP level 5. HP: 12/52 MP: 5/5
  2573 | D:3      | Found an ancient bone altar of Kikubaaqudgha.
  2797 | D:3      | Found a runed door.
  2801 | D:3      | Noticed Crazy Yiuf
  2806 | D:3      | Killed Crazy Yiuf
  2952 | D:4      | Reached skill level 1 in Staves
  2958 | D:4      | Noticed a hippogriff
  3309 | D:4      | You fall through a shaft for 2 floors!
  3309 | D:6      | Noticed a two-headed ogre
  3314 | D:7      | Noticed an ice beast
  3322 | D:7      | Killed an ice beast
  3322 | D:7      | Reached skill level 2 in Staves
  3322 | D:7      | Reached XP level 6. HP: 22/61 MP: 6/6
  3529 | D:7      | Reached skill level 3 in Staves
  3584 | D:7      | Noticed a wyvern
  3592 | D:7      | Killed a wyvern
  3592 | D:7      | Reached skill level 5 in Staves
  3592 | D:7      | Reached XP level 7. HP: 56/68 MP: 7/7
  3670 | D:7      | Reached skill level 6 in Staves
  3770 | D:7      | Reached skill level 7 in Staves
  3772 | D:7      | Reached *** piety under Lugonu
  3829 | D:7      | Reached skill level 8 in Staves
  4066 | D:6      | Found Kioleuj's Distillery.
  4066 | D:6      | Noticed Grinder
  4069 | D:5      | Entered Level 5 of the Dungeon
  4088 | D:5      | Noticed Edmund
  4091 | D:5      | Found a staircase to the Ecumenical Temple.
  4099 | D:5      | Killed Edmund
  4099 | D:5      | Reached XP level 8. HP: 54/74 MP: 8/8
  4137 | D:5      | Reached skill level 9 in Staves
  4257 | D:5      | Found a sparkling altar of Nemelex Xobeh.
  4257 | D:5      | Noticed Pikel
  4272 | D:5      | Banished Pikel
  4272 | D:5      | Reached skill level 5 in Invocations
  4592 | D:4      | Killed a hippogriff
  4592 | D:4      | Reached skill level 10 in Staves
  4592 | D:4      | Reached XP level 9. HP: 54/81 MP: 12/12
  4803 | D:4      | Noticed Sigmund
  4828 | D:4      | Reached **** piety under Lugonu
  5383 | D:6      | Paralysed by Grinder for 5 turns
  5612 | D:6      | Paralysed by Grinder for 2 turns
  5654 | D:6      | Killed Grinder
  5915 | D:6      | Noticed Duvessa
  5915 | D:6      | Noticed Dowan
  5930 | D:6      | Killed Duvessa
  5941 | D:6      | Killed Dowan
  6361 | D:6      | Found a glowing golden altar of the Shining One.
  6475 | D:6      | Reached skill level 11 in Staves
  6494 | D:6      | Bought a potion of haste for 110 gold pieces
  6494 | D:6      | Bought 2 potions of heal wounds for 110 gold pieces
  6494 | D:6      | Bought a potion of curing for 33 gold pieces
  6494 | D:6      | Bought a potion of flight for 33 gold pieces
  6801 | D:7      | You fall through a shaft!
  6834 | D:7      | Reached ***** piety under Lugonu
  7487 | D:8      | Reached skill level 12 in Staves
  7556 | D:8      | Reached XP level 10. HP: 83/88 MP: 15/15
  7794 | D:8      | Noticed Harold
  7795 | D:8      | Noticed a two-headed ogre
  7840 | D:7      | Killed a two-headed ogre
  7840 | D:7      | Reached skill level 13 in Staves
  7880 | D:7      | Killed a two-headed ogre
  8212 | D:8      | Reached skill level 14 in Staves
  8425 | D:8      | Killed Harold
  9007 | D:9      | Found a glowing silver altar of Zin.
  9007 | D:9      | Found a burning altar of Makhleb.
  9008 | D:9      | Noticed a balrug
  9008 | D:9      | Noticed an angel
  9138 | D:9      | Noticed a two-headed ogre
  9156 | D:9      | Slain by a two-headed ogre

Vault maps used:
D:1:      elethiomel_arrival_infinity_welcomes_careful_drivers
D:2:      xom_redecorated
D:3:      kiku_gazebo_pond_becter, first_ration, minmay_door_square,
          uniq_crazy_yiuf_cottage
D:4:      sigmund_army
D:5:      old_standard_altar, minmay_temple_entry_ruins, uniq_pikel, uniq_edmund
D:6:      nicolae_tso_besieged_by_evil, serial_shops, shop,
          minmay_misc_feat_ornament, uniq_duvessa, uniq_grinder
D:7:      enter_bailey_6
D:8:      corexii_checkpoint_a, uniq_harold
D:9:      kennysheep_steamy, grunt_temple_overflow_order_and_chaos_2,
          blue_anna_alchemist

Skill      XL: |  1  2  3  4  5  6  7  8  9 10 |
---------------+-------------------------------+-----
Fighting       | 4 5 6 7 8 |  8.1
Staves         | 2 5 8 10 12 14 | 14.0
Invocations    | 5 8 |  8.0
Armour         | 7 |  7.9
Long Blades    | |  2.4
Dodging        | |  1.1

Action                   |  1- 3 |  4- 6 |  7- 9 | 10-12 || total
-------------------------+-------+-------+-------+-------++-------
Melee: Falchion          |    77 |    44 |       |       ||   121
       Headbutt          |     5 |     9 |    43 |    22 ||    79
       Quarterstaff      |       |    37 |   379 |   154 ||   570
  Use: Scroll            |     6 |     1 |    10 |     1 ||    18
       Potion            |       |     1 |       |     1 ||     2
 Stab: Petrifying        |       |       |     3 |       ||     3
       Paralysed         |       |       |     2 |       ||     2
  Eat: Chunk             |     3 |     5 |    10 |     5 ||    23
       Ration            |       |       |     1 |       ||     1
Armor: Leather armour    |    25 |     6 |       |       ||    31
       Chain mail        |       |    42 |   220 |    67 ||   329
Dodge: Dodged            |    50 |    47 |    99 |    48 ||   244
       Rpst.: Falchion   |    10 |     7 |       |       ||    17

Table legend:
 A = Non-vault XP
 B = Vault XP
 C = Vault XP percentage of total XP
 D = Non-vault monster count
 E = Vault monster count
 F = Vault count percentage of total count
                 A         B        C        D         E       F
            +---------+---------+-------+---------+---------+-------
      Total |    8200 |    2689 |  24.7 |     195 |      24 |  11.0
            +---------+---------+-------+---------+---------+-------
        D:1 |      38 |       0 |   0.0 |      16 |       0 |   0.0
        D:2 |      46 |       0 |   0.0 |      11 |       0 |   0.0
        D:3 |     155 |      39 |  20.1 |      21 |       1 |   4.5
        D:4 |     435 |       8 |   1.8 |      19 |       4 |  17.4
        D:5 |     831 |     758 |  47.7 |      19 |       2 |   9.5
        D:6 |     890 |     555 |  38.4 |      19 |      12 |  38.7
        D:7 |    3316 |       0 |   0.0 |      29 |       0 |   0.0
        D:8 |    1620 |     971 |  37.5 |      41 |       3 |   6.8
        D:9 |     869 |     358 |  29.2 |      20 |       2 |   9.1
            +---------+---------+-------+---------+---------+-------
